BR (22 & UNDER)
FORT COLLINS COMMONERS @ AMITY GARDENS WESTERNERS
09/17/2030
 
TOP OF THE 1ST
Fort Collins Commoners batting - Pitching for Amity Gardens Westerners : RHP Calogero DeLaurentiis
Pitching: RHP Calogero DeLaurentiis
Batting: RHB Mike Harris 0-0: Called Strike
0-1: Ball
1-1: Ball
2-1: Called Strike
2-2: Strikes out looking
Batting: LHB David Gómez 0-0: Called Strike
0-1: Ball
1-1: Swinging Strike
1-2: Ball
2-2: Strikes out swinging
Batting: LHB Vernon Riley 0-0: Ball
1-0: DOUBLE (Line Drive, 9LM)
Batting: SHB Tom Stewart 0-0: Foul Ball, location: 2F
0-1: Ball
1-1: Swinging Strike
1-2: Ball
2-2: Foul Ball, location: 2F
2-2: Ball
3-2: Fly out, F5 (Popup, 5F)
Top of the 1st over - 0 runs, 1 hit, 0 errors, 1 left on base; Fort Collins 0 - Amity Gardens 0
BOTTOM OF THE 1ST
Amity Gardens Westerners batting - Pitching for Fort Collins Commoners : RHP Jorge Sierra
Pitching: RHP Jorge Sierra
Batting: RHB Júlio Castillo 0-0: Called Strike
0-1: Foul Ball, location: 2F
0-2: Ground out 5-3 (Groundball, 56S)
Batting: RHB Manny Olhoa 0-0: Called Strike
0-1: Ground out 5-3 (Groundball, 56S)
Batting: RHB Millard Cummings 0-0: Called Strike
0-1: Ball
1-1: Foul Ball, location: 2F
1-2: Ball
2-2: Ball
3-2: Base on Balls
Batting: RHB Bill Starr 0-0: Called Strike
0-1: Ground out U3 (Groundball, 3)
Bottom of the 1st over - 0 runs, 0 hits, 0 errors, 1 left on base; Fort Collins 0 - Amity Gardens 0
TOP OF THE 2ND
Fort Collins Commoners batting - Pitching for Amity Gardens Westerners : RHP Calogero DeLaurentiis
Batting: LHB José Valenzuela 0-0: Foul Ball, location: 2F
0-1: Ball
1-1: Foul Ball, location: 2F
1-2: Ball
2-2: Strikes out swinging
Batting: RHB Lorenzo Oríz 0-0: Called Strike
0-1: Ball
1-1: Called Strike
1-2: Foul Ball, location: 2F
1-2: Ball
2-2: Strikes out swinging
Batting: RHB Felipe Gallardo 0-0: Swinging Strike
0-1: Called Strike
0-2: Ball
1-2: Ball
2-2: Strikes out looking
Top of the 2nd over - 0 runs, 0 hits, 0 errors, 0 left on base; Fort Collins 0 - Amity Gardens 0
BOTTOM OF THE 2ND
Amity Gardens Westerners batting - Pitching for Fort Collins Commoners : RHP Jorge Sierra
Batting: LHB Jack Mitchell 0-0: Ball
1-0: Called Strike
1-1: Swinging Strike
1-2: Hit by Pitch
Batting: SHB Howard Romero 0-0: Ball
1-0: Ball
2-0: Called Strike
2-1: Ball
3-1: Foul Ball, location: 2F
3-2: Base on Balls
Jack Mitchell to second
Batting: LHB Alberto Paz 0-0: Ball
1-0: Swinging Strike
1-1: Foul Ball, location: 2F
1-2: Foul Ball, location: 2F
1-2: Strikes out swinging
Batting: RHB Alfredo Medina 0-0: Ball
1-0: Called Strike
1-1: Ball
2-1: Ball
3-1: Base on Balls
Jack Mitchell to third
Howard Romero to second
Batting: RHB Jorge García 0-0: Called Strike
0-1: Swinging Strike
0-2: Strikes out swinging
Batting: RHB Júlio Castillo 0-0: Ball
1-0: Ball
2-0: Called Strike
2-1: Foul Ball, location: 2F
2-2: Fly out, F8 (Flyball, 8LS)
Bottom of the 2nd over - 0 runs, 0 hits, 0 errors, 3 left on base; Fort Collins 0 - Amity Gardens 0
TOP OF THE 3RD
Fort Collins Commoners batting - Pitching for Amity Gardens Westerners : RHP Calogero DeLaurentiis
Batting: RHB José Fernández 0-0: Swinging Strike
0-1: Called Strike
0-2: Ball
1-2: Fly out, F6 (Line Drive, 6M)
Batting: RHB David Ramos 0-0: Ball
1-0: Ball
2-0: Ball
3-0: Called Strike
3-1: Base on Balls
Batting: RHB Mike Harris 0-0: Ball
1-0: Called Strike
1-1: SINGLE (Line Drive, 4D)
David Ramos to second
Batting: LHB David Gómez 0-0: Ball
1-0: SINGLE (Groundball, 23) (infield hit)
David Ramos to third
Mike Harris to second
Batting: LHB Vernon Riley 0-0: Ball
1-0: Called Strike
1-1: Foul Ball, location: 2F
1-2: Fly out, F7 (Flyball, 7S)
Batting: SHB Tom Stewart 0-0: Foul Ball, location: 2F
0-1: Foul Ball, location: 2F
0-2: Strikes out looking
Top of the 3rd over - 0 runs, 2 hits, 0 errors, 3 left on base; Fort Collins 0 - Amity Gardens 0
BOTTOM OF THE 3RD
Amity Gardens Westerners batting - Pitching for Fort Collins Commoners : RHP Jorge Sierra
Batting: RHB Manny Olhoa 0-0: Called Strike
0-1: SINGLE (Flyball, 78S)
Batting: RHB Millard Cummings 0-0: Ball
1-0: Ball
2-0: Ball
3-0: Called Strike
3-1: Base on Balls
Manny Olhoa to second
Batting: RHB Bill Starr 0-0: Called Strike
0-1: DOUBLE (Flyball, 89D)
Manny Olhoa scores
Millard Cummings to third
Batting: LHB Jack Mitchell 0-0: Foul Ball, location: 2F
0-1: Called Strike
0-2: Strikes out swinging
Batting: SHB Howard Romero 0-0: Swinging Strike
0-1: Foul Ball, location: 2F
0-2: Ball
1-2: Ground out U3 (Groundball, 3)
Batting: LHB Alberto Paz 0-0: Ball
1-0: Ball
2-0: Ball
3-0: Called Strike
3-1: Base on Balls
Batting: RHB Alfredo Medina 0-0: Ball
1-0: Ground out 3-1 (Groundball, 34S)
Bottom of the 3rd over - 1 run, 2 hits, 0 errors, 3 left on base; Fort Collins 0 - Amity Gardens 1
TOP OF THE 4TH
Fort Collins Commoners batting - Pitching for Amity Gardens Westerners : RHP Calogero DeLaurentiis
Batting: LHB José Valenzuela 0-0: Called Strike
0-1: Foul Ball, location: 2F
0-2: Strikes out swinging
Batting: RHB Lorenzo Oríz 0-0: Ball
1-0: DOUBLE (Line Drive, 78D)
Batting: RHB Felipe Gallardo 0-0: Called Strike
0-1: Swinging Strike
0-2: Foul Ball, location: 2F
0-2: Ball
1-2: Ball
2-2: Ball
3-2: Foul Ball, location: 2F
3-2: Base on Balls
Batting: RHB José Fernández 0-0: Ball
Lorenzo Oríz steals 3rd base
Felipe Gallardo to second
1-0: Ball
2-0: Fly out, F8 (Flyball, 8LD)
Runner from 3rd tags up, SCORES, no throw
Batting: RHB David Ramos 0-0: Foul Ball, location: 2F
0-1: Swinging Strike
0-2: Strikes out looking
Top of the 4th over - 1 run, 1 hit, 0 errors, 1 left on base; Fort Collins 1 - Amity Gardens 1
BOTTOM OF THE 4TH
Amity Gardens Westerners batting - Pitching for Fort Collins Commoners : RHP Jorge Sierra
Batting: RHB Jorge García 0-0: Ball
1-0: Fly out, F8 (Flyball, 8RD)
Batting: RHB Júlio Castillo 0-0: Called Strike
0-1: Swinging Strike
0-2: Foul Ball, location: 2F
0-2: Fly out, F7 (Flyball, 7S)
Batting: RHB Manny Olhoa 0-0: Ball
1-0: Ball
2-0: Ball
3-0: Called Strike
3-1: Swinging Strike
3-2: Strikes out looking
Bottom of the 4th over - 0 runs, 0 hits, 0 errors, 0 left on base; Fort Collins 1 - Amity Gardens 1
TOP OF THE 5TH
Fort Collins Commoners batting - Pitching for Amity Gardens Westerners : RHP Calogero DeLaurentiis
Batting: RHB Mike Harris 0-0: Called Strike
0-1: Ground out 5-3 (Groundball, 56)
Batting: LHB David Gómez 0-0: Ball
1-0: Ball
2-0: Foul Ball, location: 2F
2-1: Foul Ball, location: 2F
2-2: Ground out 5-3 (Groundball, 56)
Batting: LHB Vernon Riley 0-0: Ball
1-0: Foul Ball, location: 2F
1-1: SINGLE (Groundball, 34D)
Batting: SHB Tom Stewart 0-0: Ball
1-0: Called Strike
1-1: Ball
2-1: Swinging Strike
2-2: Ball
3-2: Base on Balls
Vernon Riley to second
Batting: LHB José Valenzuela 0-0: SINGLE (Line Drive, 7S)
Vernon Riley to third
Tom Stewart to second
Runner from 3rd tries for Home, throw and OUT!
Top of the 5th over - 0 runs, 2 hits, 0 errors, 2 left on base; Fort Collins 1 - Amity Gardens 1
BOTTOM OF THE 5TH
Amity Gardens Westerners batting - Pitching for Fort Collins Commoners : RHP Jorge Sierra
Batting: RHB Millard Cummings 0-0: DOUBLE (Flyball, 78XD)
Batting: RHB Bill Starr 0-0: Swinging Strike
0-1: Ball
1-1: Foul Ball, location: 2F
1-2: Ground out 6-3 (Groundball, 56)
Pitching: RHP Pete O'Connor
Batting: LHB Jack Mitchell 0-0: Ball
1-0: Ground out 6-3 (Groundball, 6)
Batting: SHB Howard Romero 0-0: Called Strike
0-1: Ground out U3 (Groundball, 3S)
Bottom of the 5th over - 0 runs, 1 hit, 0 errors, 1 left on base; Fort Collins 1 - Amity Gardens 1
TOP OF THE 6TH
Fort Collins Commoners batting - Pitching for Amity Gardens Westerners : RHP Calogero DeLaurentiis
Pitching: RHP Willie Bates
Batting: RHB Lorenzo Oríz 0-0: Ball
1-0: Called Strike
1-1: Ball
2-1: Foul Ball, location: 2F
2-2: Ball
3-2: Ground out 5-3 (Groundball, 5)
Batting: RHB Felipe Gallardo 0-0: Ball
1-0: SINGLE (Groundball, 4S) (infield hit)
Batting: RHB José Fernández 0-0: Called Strike
0-1: Ball
1-1: Ball
2-1: Foul Ball, location: 2F
2-2: Fly out, F6 (Popup, 6)
Batting: RHB David Ramos 0-0: Called Strike
0-1: Swinging Strike
0-2: Ball
1-2: Foul Ball, location: 2F
1-2: Ball
Felipe Gallardo is caught stealing 2nd base
Top of the 6th over - 0 runs, 1 hit, 0 errors, 0 left on base; Fort Collins 1 - Amity Gardens 1
BOTTOM OF THE 6TH
Amity Gardens Westerners batting - Pitching for Fort Collins Commoners : RHP Pete O'Connor
Batting: LHB Alberto Paz 0-0: Ball
1-0: Ball
2-0: Ball
3-0: Called Strike
3-1: Reached on error, E6 (Groundball, 6)
Batting: RHB Alfredo Medina 0-0: Ball
1-0: Foul Ball, location: 2F
1-1: Ball
2-1: Ground out 5-3 (Groundball, 56S)
Alberto Paz to second
Batting: RHB Jorge García 0-0: Ball
1-0: Swinging Strike
1-1: Foul Ball, location: 2F
1-2: Foul Ball, location: 2F
1-2: Foul Ball, location: 2F
1-2: Strikes out swinging
Batting: RHB Júlio Castillo 0-0: Called Strike
0-1: Ground out 6-3 (Groundball, 6)
Bottom of the 6th over - 0 runs, 0 hits, 1 error, 1 left on base; Fort Collins 1 - Amity Gardens 1
TOP OF THE 7TH
Fort Collins Commoners batting - Pitching for Amity Gardens Westerners : RHP Willie Bates
Batting: RHB David Ramos 0-0: Ball
1-0: Ball
2-0: Fly out, F7 (Flyball, 7)
Batting: RHB Mike Harris 0-0: Fly out, F8 (Flyball, 8RD)
Batting: LHB David Gómez 0-0: Swinging Strike
0-1: Ball
1-1: Foul Ball, location: 2F
1-2: Foul Ball, location: 2F
1-2: Ground out U3 (Groundball, 34S)
Top of the 7th over - 0 runs, 0 hits, 0 errors, 0 left on base; Fort Collins 1 - Amity Gardens 1
BOTTOM OF THE 7TH
Amity Gardens Westerners batting - Pitching for Fort Collins Commoners : RHP Pete O'Connor
Pinch Hitting: RHB Ánibal Vega 0-0: Swinging Strike
0-1: Ball
1-1: Foul Ball, location: 2F
1-2: Foul Ball, location: 2F
1-2: Ball
2-2: Foul Ball, location: 2F
2-2: Foul Ball, location: 2F
2-2: SINGLE (Line Drive, 6M)
Batting: RHB Millard Cummings 0-0: Grounds into double play, 6-4-3 (Groundball, 6)
Batting: RHB Bill Starr 0-0: Swinging Strike
0-1: Ball
1-1: Foul Ball, location: 2F
1-2: Fly out, F8 (Flyball, 8LM)
Bottom of the 7th over - 0 runs, 1 hit, 0 errors, 0 left on base; Fort Collins 1 - Amity Gardens 1
TOP OF THE 8TH
Fort Collins Commoners batting - Pitching for Amity Gardens Westerners : RHP Willie Bates
Now at SS: Ánibal Vega
Batting: LHB Vernon Riley 0-0: Ball
1-0: Ground out 6-3 (Groundball, 6)
Batting: SHB Tom Stewart 0-0: Called Strike
0-1: Foul Ball, location: 2F
0-2: Ball
1-2: Ball
2-2: Ball
3-2: Ground out 4-3 (Groundball, 4)
Batting: LHB José Valenzuela 0-0: Ball
1-0: Ground out 5-3 (Groundball, 56)
Top of the 8th over - 0 runs, 0 hits, 0 errors, 0 left on base; Fort Collins 1 - Amity Gardens 1
BOTTOM OF THE 8TH
Amity Gardens Westerners batting - Pitching for Fort Collins Commoners : RHP Pete O'Connor
Batting: LHB Jack Mitchell 0-0: SINGLE (Groundball, 23) (infield hit)
Batting: SHB Howard Romero 0-0: Called Strike
0-1: Called Strike
0-2: Strikes out swinging
Batting: LHB Alberto Paz 0-0: Ball
1-0: Ball
2-0: Called Strike
2-1: Called Strike
2-2: Ball
3-2: Strikes out swinging
Pitching: LHP Emílio De Jesús
Batting: RHB Alfredo Medina 0-0: Called Strike
0-1: Ball
1-1: Swinging Strike
1-2: Ball
Jack Mitchell steals 2nd base
2-2: Ball
3-2: SINGLE (Line Drive, 9S)
Jack Mitchell to third
Jack Mitchell scores
Pinch Hitting: RHB Pete Rudder 0-0: Fielders Choice at 2nd, 5-4 (Groundball, 56)
Bottom of the 8th over - 1 run, 2 hits, 0 errors, 1 left on base; Fort Collins 1 - Amity Gardens 2
TOP OF THE 9TH
Fort Collins Commoners batting - Pitching for Amity Gardens Westerners : RHP Willie Bates
Now at 3B: Jim den Braber
Now in RF: José Galindo
Pinch Hitting: LHB José Méndez 0-0: SINGLE (Flyball, 89S)
Pinch Runner at 1st Rubén Palma:
Pinch Hitting: RHB David Brady 0-0: Sac Bunt - play at first, batter OUT! 1-4
Rubén Palma to second
Pinch Hitting: RHB Jorge Fernández 0-0: Swinging Strike
0-1: Ball
1-1: Ball
2-1: Ball
3-1: Foul Ball, location: 2F
3-2: Foul Ball, location: 2F
3-2: Base on Balls
Pinch Hitting: RHB Bobby Doyle 0-0: Called Strike
0-1: Ball
1-1: Ground out 6-3 (Groundball, 6S)
Rubén Palma to third
Jorge Fernández to second
Batting: RHB Mike Harris 0-0: Ball
1-0: Fly out, F7 (Flyball, 7LM)
Top of the 9th over - 0 runs, 1 hit, 0 errors, 2 left on base; Fort Collins 1 - Amity Gardens 2
Saturday, April 7th, 2018 - OOTP Baseball 18.8 Build 76